AoeStats
← Phoenyks

Arena

506495513Analyzed
3v3 RM · 19d ago on Sep 13, 2026· 57m 31s· 6 players
Game mode
Random Map
Map size
Normal (6 player)
Population
200
Speed
Normal
Resources
Standard
Victory
Conquest
Starting age
Dark Age
Ending age
Imperial Age
RankedLock teamsTeams togetherTeam positionsShared explorationLock speedFull tech treeHidden civsTurbo modeCheats
Victory
Defeat
🇨🇱 Persians · Chile
1200
+16
🇨🇱 Spanish · Chile
1183
+16
🇨🇱 Portuguese · Chile
1183
+16
🇳🇱 Saracens · Netherlands
1224
-17
🇳🇱 Byzantines · Netherlands
1219
-17
🇳🇱 Britons · Netherlands
1138
-14
PACS ._.
11:02 Feudal Age
16:27 Castle Age
16:17 Double-Bit Axe
16:13 Horse Collar
18:10 Bloodlines
18:01 Husbandry
23:00 Scale Barding Armor
27:25 Chain Barding Armor
30:15 Bow Saw
30:25 Stone Mining
30:27 Gold Mining
33:57 Imperial Age
31:35 Padded Archer Armor
31:58 Ballistics
31:31 Fletching
34:09 Forging
34:52 Plate Barding Armor
33:43 Cavalier
35:03 Savar
37:16 Iron Casting
39:19 Blast Furnace
38:36 Town Watch
39:27 Wheelbarrow
41:36 Kamandaran
42:39 Town Patrol
42:25 Loom
42:56 Hand Cart
43:30 Heavy Plow
44:08 Gold Shaft Mining
44:00 Elite Skirmisher
44:00 Crossbowman
44:46 Thumb Ring
48:22 Leather Archer Armor
48:02 Bodkin Arrow
49:50 Ring Archer Armor
Nico
11:20 Feudal Age
14:48 Castle Age
15:19 Loom
20:08 Inquisition
22:02 Redemption
30:44 Imperial Age
29:54 Sanctity
29:44 Fervor
32:34 Chemistry
32:00 Block Printing
32:11 Illumination
32:21 Theocracy
34:31 Fletching
34:43 Padded Archer Armor
36:12 Elite Skirmisher
37:37 Leather Archer Armor
37:43 Atonement
42:30 Husbandry
44:04 Devotion
48:04 Ring Archer Armor
47:46 Scale Barding Armor
48:34 Bodkin Arrow
49:54 Bracer
52:21 Conscription
57:40 Bloodlines
MigueMigue
11:43 Feudal Age
16:17 Castle Age
14:32 Loom
14:35 Double-Bit Axe
15:32 Gold Mining
19:20 Horse Collar
28:17 Imperial Age
28:51 Bow Saw
29:58 Chemistry
33:53 Arquebus
34:34 Siege Engineers
45:46 Elite Organ Gun
48:18 Conscription
49:02 Wheelbarrow
49:45 Stone Mining
51:33 Two-Man Saw
50:51 Hand Cart
51:08 Fortified Wall
54:21 Elite Skirmisher
55:27 Fletching
55:37 Padded Archer Armor
56:01 Ballistics
56:34 Bodkin Arrow
57:32 Leather Archer Armor
RZNR
11:24 Feudal Age
15:32 Castle Age
14:02 Double-Bit Axe
13:59 Horse Collar
16:42 Bow Saw
23:21 Gold Mining
27:02 Wheelbarrow
26:32 Fletching
28:57 Gold Shaft Mining
31:07 Imperial Age
28:50 Bodkin Arrow
29:23 Padded Archer Armor
29:23 Stone Mining
31:15 Leather Archer Armor
31:12 Elite Longbowman
31:56 Bracer
32:27 Ring Archer Armor
32:26 Conscription
34:45 Yeomen
36:17 Ballistics
36:58 Chemistry
44:00 Two-Man Saw
43:03 Heavy Plow
43:21 Hand Cart
42:53 Town Watch
42:57 Loom
43:16 Devotion
44:55 Caravan
MochaMeerkat#292
10:52 Feudal Age
15:11 Castle Age
13:29 Double-Bit Axe
13:28 Horse Collar
14:11 Loom
14:12 Town Watch
22:25 Bow Saw
25:12 Gold Mining
27:23 Wheelbarrow
30:07 Imperial Age
29:00 Stone Mining
29:46 Gold Shaft Mining
29:22 Scale Barding Armor
29:59 Masonry
30:00 Fortified Wall
31:56 Chemistry
31:04 Siege Engineers
31:22 Conscription
32:02 Elite Mameluke
34:45 Ballistics
34:48 Onager
36:21 Chain Barding Armor
36:12 Forging
35:44 Treadmill Crane
37:17 Bloodlines
37:07 Husbandry
37:48 Plate Barding Armor
38:23 Bimaristan
38:55 Hand Cart
39:46 Two-Man Saw
40:31 Heavy Plow
42:35 Siege Onager
48:54 Hoardings
48:40 Caravan
49:41 Town Patrol
52:41 Light Cavalry
53:41 Counterweights
Phoenyks
10:33 Feudal Age
12:57 Loom
15:34 Castle Age
13:23 Horse Collar
14:01 Double-Bit Axe
15:21 Loom
22:46 Sanctity
33:29 Heavy Plow
36:25 Elite Skirmisher
37:15 Gold Mining
37:27 Gold Mining
38:26 Wheelbarrow
40:28 Imperial Age
38:04 Elite Skirmisher
38:50 Thumb Ring
39:01 Thumb Ring
39:36 Wheelbarrow
39:51 Wheelbarrow
40:49 Hand Cart
42:32 Bow Saw
46:00 Fletching
46:10 Padded Archer Armor
46:35 Ballistics
47:15 Chemistry
48:14 Two-Man Saw
47:47 Block Printing
47:57 Illumination
47:46 Bodkin Arrow
48:07 Leather Archer Armor
48:37 Bracer
49:45 Conscription
50:09 Hoardings
49:04 Light Cavalry
50:21 Crop Rotation
50:22 Pikeman
51:48 Ring Archer Armor
51:43 Hussar
Connection lost

Rejoining the realm…

Still unreachable

The connection could not be restored.

Session expired

The server has moved on; the page needs a fresh start.